 Dungeon Crawl Stone Soup version 0.19-a0-1100-g56b2fe9 (webtiles) character file.

1474 Jmtri7 the Carver (level 8, 0/64 HPs)
             Began as a Hill Orc Berserker on Aug 8, 2016.
             Was a Priest of Trog.
             Slain by a centaur
             ... wielding a +0 flail
              (7 damage)
             ... on level 6 of the Dungeon.
             The game lasted 00:08:52 (4356 turns).

Jmtri7 the Carver (Hill Orc Berserker)              Turns: 4356, Time: 00:08:52

Health: 0/64       AC: 10    Str: 27    XL:     8   Next: 78%
Magic:  8/8        EV:  8    Int:  7    God:    Trog [***...]
Gold:   157        SH:  0    Dex: 10    Spells: 0 memorised, 7 levels left

rFire  . . .     SeeInvis .     k - +2 dagger (elec)
rCold  . . .     Gourm    .     b - +0 chain mail (curse)
rNeg   . . .     Faith    .     (no shield)
rPois  .         Spirit   .     (no helmet)
rElec  .         Dismiss  .     (no cloak)
rCorr  .         Reflect  .     (no gloves)
SustAt .         Harm     .     (no boots)
MR     .....                    (no amulet)
Stlth  ..........               (no ring)
                                e - +2 ring of protection

@: mighty, drained
A: no striking features
a: Berserk, Trog's Hand, Burn Spellbooks, Renounce Religion


You were on level 6 of the Dungeon.
You worshipped Trog.
Trog was most pleased with you.
You were very hungry.

You visited 1 branch of the dungeon, and saw 6 of its levels.

You collected 157 gold pieces.

Inventory:

Hand Weapons
 a - a +0 falchion
 k - a +2 dagger of electrocution (weapon)
Armour
 b - a cursed +0 chain mail (worn)
 s - a +1 ring mail of fire resistance
Jewellery
 e - a +2 ring of protection (left hand)
 p - an uncursed amulet of rage
Scrolls
 d - a scroll of random uselessness {unknown}
 h - 2 scrolls of immolation
 o - a scroll of blinking
Potions
 i - 4 potions of curing
 m - a potion of cancellation
 r - a potion of lignification {unknown}
 u - a potion of agility {unknown}
Comestibles
 c - 4 bread rations
 f - 4 slices of pizza
 j - 2 meat rations
 l - a beef jerky
 t - 2 fruits


   Skills:
 - Level 3.6(2.5) Fighting
 + Level 11.8(10.5) Long Blades
 - Level 2.1(1.2) Armour
 - Level 1.5(0.5) Dodging


You had 7 spell levels left.
You didn't know any spells.

Dungeon Overview and Level Annotations

Branches:
Dungeon (6/15)             Temple (0/1) D:4

Altars:
Dithmenos
Elyvilon
Gozag
Makhleb
Nemelex Xobeh
Okawaru
Trog
Xom
Yredelemnul
The Shining One


Message History

The centaur is almost dead.
The centaur hits you with an uncursed flail.
You closely miss the centaur.
The centaur is almost dead.
The centaur hits you with an uncursed flail.
* * * LOW HITPOINT WARNING * * *
Your unstable footing causes you to fumble your attack.
The centaur hits you with an uncursed flail.
* * * LOW HITPOINT WARNING * * *
Your unstable footing causes you to fumble your attack.
The centaur hits you with an uncursed flail.
* * * LOW HITPOINT WARNING * * *
Your unstable footing causes you to fumble your attack.
The centaur hits you with an uncursed flail.
* * * LOW HITPOINT WARNING * * *
A centaur is nearby!
A centaur is nearby!
You feel very mighty all of a sudden.
The centaur hits you with an uncursed flail!
You die...

#.#.# # #.#.#.# ##.#.#.#
.......# .....### #######
##.#.### #..... ##
.......#####.#.####..##
##.#.#.#...%....()....#
.....#.#..###≈..@###....#
...###...#...#≈≈#c..# ...
#### #...#.⌠.#≈≈#.⌠.# .
#.#.#...#≈≈#...#
#.#..###≈≈≈≈###..
#>#....≈≈≈≈≈≈ ...
#.#....≈≈≈≈≈≈. ...
#.#..###≈≈≈ .# ..#.#.


You could see a centaur.

Vanquished Creatures
  Sigmund (D:3)
  An ice beast (D:5)
  Duvessa (D:6)
  2 sky beasts
  3 ogres (D:4)
  A centaur (D:5)
  Dowan (D:6)
  2 crimson imps
  A quasit (D:6)
  A jelly (D:6)
  A giant frog skeleton (D:6)
  3 orc priests
  An orc wizard (D:5)
  2 iguanas (D:4)
  Natasha (thrice) (D:3)
  A worker ant (D:3)
  2 hound skeletons
  3 adders
  An adder skeleton (D:5)
  5 worms
  2 dart slugs
  3 giant geckos
  5 orcs
  2 giant cockroaches (D:3)
  5 goblins
  2 hobgoblins
  2 quokkas
  A ball python (D:5)
  7 bats
  A giant gecko skeleton (D:5)
  4 giant newts
  9 kobolds
  8 rats
87 creatures vanquished.

Vanquished Creatures (others)
  An orc wizard (D:4)
  An adder (D:3)
  A quokka (D:3)
3 creatures vanquished.

Grand Total: 90 creatures vanquished

Notes
Turn   | Place    | Note
-------+----------+-------------------------------------------
     0 | D:1      | Jmtri7 the Hill Orc Berserker began the quest for the Orb.
     0 | D:1      | Reached XP level 1. HP: 19/19 MP: 1/1
   110 | D:1      | Found an iron altar of Okawaru.
   303 | D:1      | Reached XP level 2. HP: 26/26 MP: 2/2
   413 | D:1      | Reached skill level 4 in Long Blades
   715 | D:2      | Reached XP level 3. HP: 25/31 MP: 3/3
   986 | D:2      | Reached ** piety under Trog
  1134 | D:3      | Found a burning altar of Makhleb.
  1156 | D:3      | Noticed Sigmund
  1175 | D:3      | Killed Sigmund
  1175 | D:3      | Reached skill level 6 in Long Blades
  1175 | D:3      | Reached XP level 4. HP: 35/39 MP: 4/4
  1175 | D:3      | Reached XP level 5. HP: 40/45 MP: 5/5
  1358 | D:3      | Found a white marble altar of Elyvilon.
  1420 | D:3      | Noticed Natasha
  1428 | D:3      | Killed Natasha
  1428 | D:3      | Reached skill level 7 in Long Blades
  1428 | D:3      | Reached XP level 6. HP: 51/51 MP: 6/6
  1554 | D:3      | Noticed Natasha
  1558 | D:3      | Killed Natasha
  1625 | D:3      | Noticed Natasha
  1634 | D:3      | Killed Natasha
  1695 | D:3      | Found a shadowy altar of Dithmenos.
  1831 | D:4      | Reached skill level 8 in Long Blades
  1831 | D:4      | Reached XP level 7. HP: 13/57 MP: 7/7
  2016 | D:4      | Reached skill level 9 in Long Blades
  2312 | D:4      | Found a staircase to the Ecumenical Temple.
  2542 | D:4      | Found a bloodstained altar of Trog.
  2656 | D:4      | Reached *** piety under Trog
  2691 | D:4      | Found an opulent altar of Gozag.
  2783 | D:4      | Reached skill level 10 in Long Blades
  2841 | D:4      | Reached XP level 8. HP: 53/64 MP: 8/8
  2878 | D:4      | Found a glowing golden altar of the Shining One.
  2893 | D:4      | Found a sparkling altar of Nemelex Xobeh.
  3170 | D:5      | Entered Level 5 of the Dungeon
  3470 | D:5      | Found a basalt altar of Yredelemnul.
  3532 | D:5      | HP: 3/64 [sky beast (5)]
  4026 | D:5      | Reached skill level 11 in Long Blades
  4221 | D:5      | Found a shimmering altar of Xom.
  4315 | D:6      | Noticed Duvessa
  4317 | D:6      | Noticed Dowan
  4325 | D:6      | Killed Duvessa
  4338 | D:6      | Killed Dowan
  4356 | D:6      | Slain by a centaur

Vault maps used:
D:1:      evilmike_arrival_crescent, minmay_misc_feat_enclosed,
          okawaru_ov_weapons_minmay
D:3:      elyvilon_altar_4, marbit_many_paths, lemuel_coloured_pillars_altar,
          nrook_mini_backslash, uniq_sigmund, uniq_natasha
D:4:      nicolae_gozag_cash_rules_everything_around_me, lemuel_doored_altar,
          tso_altar, nemelex_spade_bored_becter
D:5:      led_xom_imps, basic_altar, first_bread
D:6:      fountainhead, uniq_duvessa, uniq_eustachio, uniq_menkaure

Skill      XL: |  1  2  3  4  5  6  7  8 |
---------------+-------------------------+-----
Long Blades    | 4 6 7 8 10 11 | 11.8
Fighting       | |  3.6
Armour         | |  2.1
Dodging        | |  1.5

Action                   |  1- 3 |  4- 6 |  7- 9 || total
-------------------------+-------+-------+-------++-------
Melee: Falchion          |    37 |       |       ||    37
       Dagger            |    49 |    62 |   233 ||   344
Invok: Berserk           |     1 |     1 |       ||     2
  Use: Scroll            |       |       |     8 ||     8
       Potion            |       |       |     1 ||     1
  Eat: Chunk             |     1 |     4 |     7 ||    12
Armor: Chain mail        |    39 |    22 |   107 ||   168
       Animal skin       |     2 |       |       ||     2
Dodge: Dodged            |    34 |    12 |    63 ||   109
